[ AOE2 MATCH · #471777749 ]
UnrankedKhmer vs Sicilians
[ REPLAY ANALYSIS · EXTRACTED FROM THE RECORDED GAME ]
Feudal
11:00
Castle
13:41
Imperial
28:40
| APM avg | 31.7 |
| APM peak | 80 |
| eAPM avg | 18.0 |
| Villagers / military | 124 / 19 |
Focus
⚔️ 31.1% · 🌾 68.9%
Knight ×16 · Mangonel ×2 · Monk ×1
Feudal
8:48
Castle
27:08
Imperial
—
| APM avg | 52.8 |
| APM peak | 104 |
| eAPM avg | 28.7 |
| Villagers / military | 97 / 61 |
Focus
⚔️ 35.4% · 🌾 64.6%
Serjeant ×37 · Spearman ×24
Feudal
10:39
Castle
15:46
Imperial
—
| APM avg | 35.6 |
| APM peak | 69 |
| eAPM avg | 22.3 |
| Villagers / military | 64 / 9 |
Focus
⚔️ 24.9% · 🌾 75.1%
Mangonel ×4 · Monk ×3 · Scorpion ×2
Feudal
10:31
Castle
14:01
Imperial
34:18
| APM avg | 39.2 |
| APM peak | 67 |
| eAPM avg | 23.5 |
| Villagers / military | 131 / 79 |
Focus
⚔️ 38.6% · 🌾 61.4%
Genoese Crossbowman ×70 · Battering Ram ×9
Feudal
11:24
Castle
15:01
Imperial
28:16
| APM avg | 45.9 |
| APM peak | 86 |
| eAPM avg | 28.3 |
| Villagers / military | 173 / 93 |
Focus
⚔️ 44.5% · 🌾 55.5%
Battle Elephant ×87 · Trebuchet (Packed) ×5 · Monk ×1
Feudal
9:03
Castle
20:05
Imperial
36:25
| APM avg | 46.7 |
| APM peak | 81 |
| eAPM avg | 29.2 |
| Villagers / military | 130 / 85 |
Focus
⚔️ 31.1% · 🌾 68.9%
Knight ×50 · Steppe Lancer ×30 · Battering Ram ×4 · Scout Cavalry ×1
Feudal
10:26
Castle
14:04
Imperial
26:55
| APM avg | 35.6 |
| APM peak | 99 |
| eAPM avg | 27.1 |
| Villagers / military | 159 / 180 |
Focus
⚔️ 28.4% · 🌾 71.6%
Camel Scout ×112 · Spearman ×45 · Knight ×17 · Trebuchet (Packed) ×5 · Monk ×1
Feudal
9:42
Castle
14:09
Imperial
27:50
| APM avg | 46.1 |
| APM peak | 94 |
| eAPM avg | 19.3 |
| Villagers / military | 98 / 68 |
Focus
⚔️ 44.3% · 🌾 55.7%
Hand Cannoneer ×54 · Bombard Cannon ×7 · Monk ×3 · Mangonel ×3 · Armored Elephant ×1
Match map
Initial resources + every placement click. Lines = walls · curves = elevation contours. ◆ gold · ⬟ stone · ● berries · ✦ relic · ◌ wall gap
Your base· ✓ Closed at 13:41 · 0t walls · 2 gate(s)
yesila's base· ✓ Closed at 27:08 · 1t walls · 3 gate(s)
DS_Regg's base· ✓ Closed at 15:46 · 65t walls · 2 gate(s)
NYU's base· ✓ Closed at 14:01 · 0t walls · 2 gate(s)
DS_TheHeartless's base· ✓ Closed at 15:01 · 6t walls · 3 gate(s)
The.Gocho's base· ✓ Closed at 20:05 · 2t walls · 4 gate(s)
un cachorro feliz's base· ✓ Closed at 14:04 · 12t walls · 3 gate(s)
DS_Erick307's base· ✓ Closed at 14:09 · 0t walls · 2 gate(s)
Smoothed initial terrain · ◌ = detected wall gap · hover for details
Inputs per minute
— Cris_1z - - yesila
Build order — Cris_1z
First 150 of 256 actions detected
| 0:01 | Create | Villager (Male) ×4 |
| 0:01 | Create | Villager (Male) ×4 |
| 0:03 | Build | House |
| 0:04 | Build | House |
| 1:24 | Create | Villager (Male) |
| 1:24 | Create | Villager (Male) |
| 2:08 | Create | Villager (Male) |
| 2:09 | Create | Villager (Male) |
| 2:35 | Create | Villager (Male) |
| 2:35 | Create | Villager (Male) |
| 2:38 | Build | Lumber Camp |
| 2:58 | Create | Villager (Male) |
| 2:58 | Create | Villager (Male) |
| 3:01 | Create | Villager (Male) |
| 3:37 | Create | Villager (Male) |
| 3:37 | Create | Villager (Male) |
| 3:57 | Build | House |
| 3:58 | Build | House |
| 4:31 | Create | Villager (Male) |
| 4:31 | Create | Villager (Male) |
| 5:01 | Create | Villager (Male) |
| 5:51 | Create | Villager (Male) |
| 6:16 | Create | Villager (Male) |
| 6:20 | Build | Mill |
| 6:44 | Create | Villager (Male) |
| 6:44 | Create | Villager (Male) |
| 6:46 | Create | Villager (Male) |
| 7:03 | Create | Villager (Male) |
| 7:07 | Build | House |
| 7:22 | Create | Villager (Male) |
| 7:55 | Build | Farm |
| 8:09 | Research | Feudal Age |
| 8:55 | Build | Farm |
| 9:10 | Build | Farm |
| 9:37 | Build | Farm |
| 9:58 | Build | Farm |
| 10:24 | Build | Farm |
| 11:00 | Age | Feudal Age |
| 11:01 | Research | Castle Age |
| 11:11 | Build | House |
| 11:23 | Research | Double-Bit Axe |
| 11:24 | Research | Double-Bit Axe |
| 11:41 | Research | Horse Collar |
| 13:03 | Build | House |
| 13:18 | Create | Villager (Male) |
| 13:18 | Create | Villager (Male) |
| 13:41 | Age | Castle Age |
| 13:45 | Build | Town Center |
| 14:09 | Build | Town Center |
| 14:13 | Build | Town Center |
| 14:24 | Create | Villager (Male) |
| 14:53 | Create | Villager (Male) |
| 15:02 | Build | Monastery |
| 15:04 | Create | Villager (Male) |
| 15:04 | Create | Villager (Male) |
| 15:04 | Create | Villager (Male) |
| 15:10 | Build | House |
| 15:24 | Create | Villager (Male) |
| 15:24 | Create | Villager (Male) |
| 15:32 | Research | Bow Saw |
| 15:37 | Create | Villager (Male) |
| 15:37 | Create | Villager (Male) |
| 15:49 | Create | Villager (Male) |
| 15:52 | Build | Farm |
| 16:09 | Build | Mining Camp |
| 16:12 | Build | Farm |
| 16:12 | Create | Villager (Male) |
| 16:14 | Build | House |
| 16:22 | Build | Farm |
| 16:23 | Create | Villager (Male) |
| 16:23 | Create | Villager (Male) |
| 16:24 | Create | Villager (Male) |
| 16:27 | Build | Farm |
| 16:30 | Build | Farm |
| 16:35 | Create | Villager (Male) |
| 16:39 | Build | Farm |
| 16:48 | Build | Farm |
| 16:49 | Build | Farm |
| 16:50 | Create | Villager (Male) |
| 16:51 | Create | Villager (Male) |
| 16:53 | Build | House |
| 16:53 | Create | Monk |
| 17:02 | Create | Villager (Male) |
| 17:06 | Build | Farm |
| 17:15 | Create | Villager (Male) |
| 17:16 | Create | Villager (Male) |
| 17:21 | Build | Farm |
| 17:24 | Build | House |
| 17:25 | Build | House |
| 17:26 | Create | Villager (Male) |
| 17:31 | Build | Farm |
| 17:31 | Build | Farm |
| 17:32 | Build | Farm |
| 17:32 | Build | Farm |
| 17:32 | Build | Farm |
| 17:32 | Build | Farm |
| 17:36 | Create | Villager (Male) |
| 17:46 | Build | Farm |
| 17:48 | Build | Farm |
| 17:49 | Create | Villager (Male) |
| 17:49 | Create | Villager (Male) |
| 17:54 | Create | Villager (Male) |
| 17:54 | Create | Villager (Male) |
| 17:59 | Build | Farm |
| 18:04 | Create | Villager (Male) |
| 18:08 | Build | Farm |
| 18:11 | Create | Villager (Male) |
| 18:15 | Build | Farm |
| 18:17 | Build | Farm |
| 18:18 | Create | Villager (Male) |
| 18:28 | Build | House |
| 18:28 | Create | Villager (Male) |
| 18:28 | Create | Villager (Male) |
| 18:41 | Create | Villager (Male) |
| 18:42 | Create | Villager (Male) |
| 18:48 | Build | Stable |
| 18:50 | Create | Villager (Male) |
| 18:57 | Research | Gold Mining |
| 19:02 | Build | House |
| 19:03 | Build | House |
| 19:04 | Create | Villager (Male) |
| 19:09 | Build | Farm |
| 19:11 | Build | Farm |
| 19:11 | Build | Farm |
| 19:11 | Build | Farm |
| 19:11 | Build | Farm |
| 19:12 | Build | Farm |
| 19:12 | Build | Farm |
| 19:15 | Create | Villager (Male) |
| 19:15 | Create | Villager (Male) |
| 19:24 | Build | Farm |
| 19:29 | Build | Farm |
| 19:29 | Create | Villager (Male) |
| 19:29 | Create | Villager (Male) |
| 19:34 | Create | Villager (Male) |
| 19:38 | Build | Farm |
| 19:49 | Build | Farm |
| 20:03 | Build | Farm |
| 20:04 | Create | Villager (Male) ×5 |
| 20:07 | Build | Farm |
| 20:16 | Build | Farm |
| 20:19 | Create | Villager (Male) |
| 20:19 | Create | Villager (Male) |
| 20:27 | Create | Villager (Male) |
| 20:39 | Build | House |
| 20:41 | Build | Farm |
| 20:41 | Create | Villager (Male) ×5 |
| 20:49 | Build | Farm |
| 20:50 | Build | Stable |
| 21:06 | Build | Blacksmith |
Build order — yesila
First 150 of 275 actions detected
| 0:01 | Create | Villager (Male) |
| 0:01 | Create | Villager (Male) |
| 0:01 | Create | Villager (Male) |
| 0:02 | Build | House |
| 0:06 | Build | House |
| 0:32 | Create | Villager (Male) |
| 0:32 | Create | Villager (Male) |
| 1:37 | Create | Villager (Male) |
| 1:38 | Create | Villager (Male) |
| 1:38 | Create | Villager (Male) |
| 1:48 | Build | Lumber Camp |
| 2:10 | Create | Villager (Male) |
| 2:10 | Create | Villager (Male) |
| 2:11 | Create | Villager (Male) |
| 2:12 | Create | Villager (Male) |
| 2:12 | Create | Villager (Male) |
| 2:13 | Create | Villager (Male) |
| 2:46 | Create | Villager (Male) |
| 2:46 | Create | Villager (Male) |
| 2:46 | Create | Villager (Male) |
| 2:57 | Build | House |
| 3:26 | Create | Villager (Male) |
| 3:26 | Create | Villager (Male) |
| 3:56 | Create | Villager (Male) |
| 3:56 | Create | Villager (Male) |
| 3:56 | Create | Villager (Male) |
| 4:04 | Build | Mill |
| 4:17 | Create | Villager (Male) |
| 4:17 | Create | Villager (Male) |
| 4:17 | Create | Villager (Male) |
| 4:42 | Create | Villager (Male) |
| 4:42 | Create | Villager (Male) |
| 5:17 | Create | Villager (Male) |
| 5:17 | Create | Villager (Male) |
| 5:26 | Create | Villager (Male) |
| 5:26 | Create | Villager (Male) |
| 5:35 | Research | Loom |
| 6:14 | Create | Villager (Male) |
| 6:38 | Research | Feudal Age |
| 6:39 | Research | Feudal Age |
| 7:01 | Build | Donjon |
| 7:15 | Build | Mining Camp |
| 7:49 | Create | Villager (Male) |
| 7:56 | Build | Mining Camp |
| 8:21 | Build | House |
| 8:23 | Build | House |
| 8:48 | Age | Feudal Age |
| 8:53 | Create | Serjeant |
| 9:03 | Create | Serjeant |
| 9:03 | Create | Villager (Male) |
| 9:10 | Research | Double-Bit Axe |
| 9:10 | Research | Double-Bit Axe |
| 9:10 | Research | Double-Bit Axe |
| 9:34 | Create | Serjeant |
| 9:34 | Create | Serjeant |
| 9:34 | Create | Villager (Male) |
| 9:48 | Create | Villager (Male) |
| 9:48 | Create | Villager (Male) |
| 10:23 | Create | Villager (Male) |
| 10:23 | Create | Villager (Male) |
| 10:36 | Build | Donjon |
| 10:45 | Create | Villager (Male) |
| 10:50 | Build | Mill |
| 10:54 | Build | House |
| 10:55 | Build | House |
| 11:19 | Create | Villager (Male) |
| 11:54 | Build | Palisade Wall |
| 11:59 | Create | Villager (Male) |
| 12:33 | Create | Villager (Male) |
| 12:33 | Create | Villager (Male) |
| 12:54 | Create | Serjeant |
| 13:06 | Create | Villager (Male) |
| 13:09 | Create | Serjeant |
| 13:09 | Create | Serjeant |
| 13:23 | Build | Donjon |
| 13:32 | Create | Villager (Male) |
| 13:35 | Build | Farm |
| 13:37 | Build | Farm |
| 13:37 | Build | Farm |
| 13:45 | Create | Villager (Male) |
| 13:47 | Build | Farm |
| 14:29 | Create | Villager (Male) |
| 14:33 | Build | Farm |
| 14:34 | Build | Farm |
| 14:34 | Build | Farm |
| 14:34 | Build | Farm |
| 14:34 | Build | Farm |
| 15:10 | Create | Villager (Male) |
| 15:10 | Create | Villager (Male) |
| 15:11 | Create | Serjeant |
| 15:11 | Create | Serjeant |
| 15:11 | Create | Serjeant |
| 15:28 | Build | Gate |
| 15:54 | Create | Villager (Male) |
| 15:59 | Build | Farm |
| 15:59 | Build | Farm |
| 15:59 | Build | Farm |
| 16:00 | Build | Farm |
| 16:37 | Create | Villager (Male) |
| 16:45 | Build | Blacksmith |
| 16:52 | Build | House |
| 17:09 | Create | Villager (Male) |
| 17:16 | Build | Farm |
| 17:32 | Build | House |
| 17:34 | Build | House |
| 18:09 | Create | Villager (Male) |
| 18:10 | Research | Wheelbarrow |
| 18:19 | Build | House |
| 18:20 | Build | House |
| 18:20 | Build | House |
| 18:26 | Build | Farm |
| 18:28 | Build | Farm |
| 18:29 | Build | Farm |
| 18:42 | Create | Serjeant |
| 19:03 | Create | Serjeant |
| 19:03 | Create | Serjeant |
| 19:14 | Create | Serjeant |
| 19:15 | Create | Serjeant |
| 19:15 | Create | Serjeant |
| 19:36 | Create | Villager (Male) |
| 19:36 | Create | Villager (Male) |
| 20:15 | Create | Villager (Male) |
| 20:15 | Create | Villager (Male) |
| 20:22 | Create | Villager (Male) |
| 20:22 | Create | Villager (Male) |
| 20:37 | Create | Serjeant |
| 20:37 | Create | Serjeant |
| 20:53 | Create | Villager (Male) |
| 20:54 | Create | Villager (Male) |
| 21:31 | Create | Serjeant |
| 21:31 | Create | Villager (Male) |
| 21:31 | Create | Villager (Male) |
| 21:40 | Build | Lumber Camp |
| 21:45 | Build | Market |
| 21:48 | Research | Gold Mining |
| 21:48 | Research | Gold Mining |
| 21:48 | Create | Serjeant |
| 21:49 | Create | Serjeant |
| 22:00 | Create | Serjeant |
| 22:17 | Create | Villager (Male) |
| 22:21 | Build | Farm |
| 22:22 | Build | Farm |
| 22:28 | Build | House |
| 22:28 | Build | House |
| 22:28 | Build | House |
| 22:30 | Build | House |
| 22:55 | Create | Villager (Male) |
| 22:55 | Create | Villager (Male) |
| 23:58 | Create | Serjeant |
| 23:59 | Create | Serjeant |
Build order — DS_Regg
First 150 of 195 actions detected
| 0:01 | Create | Villager (Male) |
| 0:01 | Create | Villager (Male) |
| 0:01 | Create | Villager (Male) |
| 0:02 | Create | Villager (Male) |
| 0:03 | Build | House |
| 0:04 | Build | House |
| 1:23 | Create | Villager (Male) |
| 1:55 | Create | Villager (Male) |
| 1:55 | Create | Villager (Male) |
| 2:11 | Build | Lumber Camp |
| 2:15 | Create | Villager (Male) |
| 2:15 | Create | Villager (Male) |
| 2:20 | Create | Villager (Male) |
| 2:36 | Build | Palisade Wall |
| 2:37 | Build | Palisade Wall |
| 2:42 | Create | Villager (Male) |
| 2:58 | Build | House |
| 3:12 | Build | Palisade Wall |
| 3:14 | Build | Palisade Wall |
| 3:18 | Build | Palisade Wall |
| 3:21 | Build | Palisade Wall |
| 3:26 | Build | Palisade Wall |
| 3:31 | Build | Palisade Wall |
| 3:35 | Build | Palisade Wall |
| 3:40 | Build | Palisade Wall |
| 3:42 | Build | Palisade Wall |
| 3:47 | Build | Palisade Wall |
| 3:49 | Create | Villager (Male) |
| 3:51 | Build | Palisade Wall |
| 3:54 | Build | Palisade Wall |
| 3:58 | Build | Palisade Wall |
| 3:59 | Create | Villager (Male) |
| 4:42 | Create | Villager (Male) |
| 4:53 | Create | Villager (Male) |
| 5:00 | Build | House |
| 5:08 | Create | Villager (Male) |
| 5:46 | Create | Villager (Male) |
| 5:54 | Build | Mill |
| 6:15 | Create | Villager (Male) |
| 6:38 | Create | Villager (Male) |
| 6:52 | Create | Villager (Male) |
| 6:52 | Create | Villager (Male) |
| 7:12 | Create | Villager (Male) |
| 7:22 | Build | Mining Camp |
| 8:04 | Research | Loom |
| 8:05 | Research | Feudal Age |
| 8:27 | Build | Palisade Wall |
| 8:34 | Build | Palisade Wall |
| 8:41 | Build | Palisade Wall |
| 8:52 | Build | Palisade Wall |
| 8:57 | Build | Palisade Wall |
| 8:59 | Build | Palisade Wall |
| 9:00 | Build | Palisade Wall |
| 9:06 | Build | Palisade Wall |
| 9:13 | Build | Palisade Wall |
| 9:16 | Build | Palisade Wall |
| 9:23 | Build | Palisade Wall |
| 9:25 | Build | Palisade Wall |
| 9:26 | Build | Palisade Wall |
| 9:39 | Create | Villager (Male) |
| 9:39 | Create | Villager (Male) |
| 10:39 | Age | Feudal Age |
| 10:47 | Build | Market |
| 11:02 | Build | Blacksmith |
| 11:07 | Build | Palisade Wall |
| 11:16 | Build | Palisade Wall |
| 11:27 | Build | Palisade Wall |
| 11:29 | Build | Palisade Wall |
| 11:31 | Build | Palisade Wall |
| 11:35 | Build | Palisade Wall |
| 11:46 | Build | House |
| 12:35 | Build | Stone Wall |
| 12:37 | Build | Palisade Wall |
| 12:50 | Build | Mining Camp |
| 12:58 | Build | Stone Wall |
| 13:06 | Research | Castle Age |
| 13:23 | Build | House |
| 13:40 | Build | Stone Wall |
| 14:16 | Build | Stone Wall |
| 14:19 | Build | Stone Wall |
| 14:39 | Research | Double-Bit Axe |
| 14:43 | Build | Stone Wall |
| 14:48 | Build | Stone Wall |
| 15:15 | Build | House |
| 15:28 | Build | Farm |
| 15:46 | Age | Castle Age |
| 15:49 | Build | Siege Workshop |
| 16:19 | Create | Mangonel |
| 16:55 | Build | Palisade Gate |
| 17:02 | Build | Farm |
| 17:46 | Build | Farm |
| 18:12 | Create | Villager (Male) |
| 18:15 | Create | Mangonel |
| 18:39 | Create | Villager (Male) |
| 18:42 | Create | Villager (Male) |
| 19:38 | Create | Villager (Male) |
| 20:59 | Create | Villager (Male) |
| 21:00 | Create | Villager (Male) |
| 21:05 | Build | Monastery |
| 21:38 | Build | Palisade Wall |
| 21:53 | Create | Monk |
| 22:25 | Build | Stone Wall |
| 22:26 | Build | Stone Wall |
| 22:29 | Build | Stone Wall |
| 22:29 | Build | Stone Wall |
| 22:40 | Create | Scorpion |
| 22:40 | Create | Scorpion |
| 23:41 | Create | Villager (Male) |
| 23:41 | Create | Villager (Male) |
| 23:41 | Create | Villager (Male) |
| 24:03 | Build | House |
| 24:35 | Build | Lumber Camp |
| 24:56 | Create | Mangonel |
| 25:25 | Build | Farm |
| 25:30 | Build | Farm |
| 25:54 | Research | Fervor |
| 25:57 | Create | Villager (Male) |
| 26:08 | Create | Monk |
| 26:31 | Create | Villager (Male) |
| 26:57 | Create | Villager (Male) |
| 27:02 | Build | Town Center |
| 27:27 | Create | Villager (Male) |
| 27:58 | Create | Villager (Male) |
| 28:33 | Create | Villager (Male) |
| 28:33 | Create | Villager (Male) |
| 29:24 | Create | Villager (Male) |
| 30:34 | Create | Villager (Male) |
| 30:37 | Build | Farm |
| 30:37 | Build | Farm |
| 30:37 | Build | Farm |
| 30:37 | Build | Farm |
| 30:38 | Build | Farm |
| 30:38 | Build | Farm |
| 31:09 | Create | Monk |
| 31:14 | Build | Farm |
| 31:16 | Build | Farm |
| 31:18 | Build | House |
| 31:19 | Build | House |
| 31:36 | Create | Villager (Male) |
| 31:44 | Build | House |
| 31:47 | Build | House |
| 31:49 | Build | House |
| 31:54 | Build | House |
| 32:00 | Create | Villager (Male) |
| 32:00 | Create | Villager (Male) |
| 32:00 | Create | Villager (Male) |
| 32:03 | Build | Mill |
| 32:03 | Build | Farm |
| 32:04 | Build | Farm |
| 32:04 | Build | Farm |
Build order — NYU
First 150 of 306 actions detected
| 0:00 | Create | Villager (Male) |
| 0:01 | Create | Villager (Male) |
| 0:01 | Create | Villager (Male) |
| 0:02 | Build | House |
| 0:04 | Build | House |
| 0:23 | Create | Villager (Male) |
| 1:50 | Build | Lumber Camp |
| 1:52 | Create | Villager (Male) |
| 1:52 | Create | Villager (Male) |
| 1:56 | Create | Villager (Male) |
| 2:16 | Create | Villager (Male) |
| 2:16 | Create | Villager (Male) |
| 3:02 | Create | Villager (Male) |
| 3:02 | Create | Villager (Male) |
| 3:44 | Create | Villager (Male) |
| 3:44 | Create | Villager (Male) |
| 4:06 | Build | House |
| 4:07 | Build | House |
| 4:08 | Build | House |
| 4:20 | Create | Villager (Male) |
| 4:20 | Create | Villager (Male) |
| 4:26 | Build | Mill |
| 4:45 | Create | Villager (Male) |
| 4:45 | Create | Villager (Male) |
| 4:45 | Create | Villager (Male) |
| 5:09 | Create | Villager (Male) |
| 5:36 | Create | Villager (Male) |
| 5:36 | Create | Villager (Male) |
| 5:56 | Create | Villager (Male) |
| 5:56 | Create | Villager (Male) |
| 5:56 | Create | Villager (Male) |
| 6:32 | Create | Villager (Male) |
| 6:32 | Create | Villager (Male) |
| 6:32 | Create | Villager (Male) |
| 6:57 | Create | Villager (Male) |
| 7:06 | Create | Villager (Male) |
| 7:06 | Create | Villager (Male) |
| 7:21 | Build | Mining Camp |
| 7:45 | Build | Mining Camp |
| 8:21 | Research | Feudal Age |
| 8:32 | Create | Villager (Male) |
| 8:32 | Research | Loom |
| 10:31 | Age | Feudal Age |
| 10:34 | Build | Market |
| 10:37 | Build | Blacksmith |
| 11:21 | Research | Castle Age |
| 12:00 | Research | Horse Collar |
| 12:22 | Research | Double-Bit Axe |
| 12:55 | Research | Wheelbarrow |
| 14:01 | Age | Castle Age |
| 14:15 | Build | Castle |
| 14:28 | Create | Villager (Male) |
| 14:29 | Create | Villager (Male) |
| 14:29 | Create | Villager (Male) |
| 14:52 | Build | Mining Camp |
| 15:18 | Build | Farm |
| 15:19 | Build | Farm |
| 15:21 | Build | Farm |
| 15:38 | Create | Genoese Crossbowman |
| 15:39 | Create | Genoese Crossbowman |
| 15:39 | Create | Genoese Crossbowman |
| 15:46 | Build | Farm |
| 15:51 | Build | Farm |
| 16:06 | Create | Villager (Male) |
| 16:07 | Create | Villager (Male) |
| 16:09 | Create | Genoese Crossbowman |
| 16:35 | Create | Genoese Crossbowman |
| 16:35 | Create | Genoese Crossbowman |
| 16:45 | Create | Villager (Male) |
| 16:45 | Create | Villager (Male) |
| 16:49 | Build | Outpost |
| 17:04 | Create | Villager (Male) |
| 17:04 | Create | Villager (Male) |
| 17:09 | Create | Genoese Crossbowman |
| 17:09 | Create | Genoese Crossbowman |
| 17:09 | Create | Genoese Crossbowman |
| 17:35 | Build | Outpost |
| 17:37 | Create | Villager (Male) |
| 17:44 | Create | Villager (Male) |
| 17:45 | Create | Villager (Male) |
| 18:11 | Build | Siege Workshop |
| 18:18 | Create | Villager (Male) |
| 18:22 | Create | Villager (Male) |
| 18:23 | Create | Villager (Male) |
| 18:23 | Create | Villager (Male) |
| 18:44 | Build | Lumber Camp |
| 18:46 | Create | Villager (Male) |
| 18:46 | Create | Villager (Male) |
| 18:46 | Create | Villager (Male) |
| 18:50 | Create | Genoese Crossbowman |
| 18:51 | Create | Genoese Crossbowman |
| 19:09 | Create | Battering Ram |
| 19:09 | Create | Battering Ram |
| 19:21 | Create | Villager (Male) |
| 19:21 | Create | Villager (Male) |
| 19:26 | Create | Villager (Male) |
| 19:26 | Create | Villager (Male) |
| 19:29 | Build | Lumber Camp |
| 20:02 | Create | Genoese Crossbowman |
| 20:02 | Create | Genoese Crossbowman |
| 20:07 | Research | Fletching |
| 20:21 | Create | Battering Ram |
| 20:21 | Create | Battering Ram |
| 20:30 | Build | Farm |
| 20:31 | Build | Farm |
| 20:34 | Create | Villager (Male) |
| 20:34 | Create | Villager (Male) |
| 20:42 | Create | Genoese Crossbowman |
| 20:42 | Create | Genoese Crossbowman |
| 20:43 | Create | Genoese Crossbowman |
| 20:47 | Create | Battering Ram |
| 20:57 | Build | Farm |
| 21:05 | Create | Villager (Male) |
| 21:05 | Create | Villager (Male) |
| 21:14 | Create | Villager (Male) |
| 21:14 | Create | Villager (Male) |
| 21:24 | Create | Genoese Crossbowman |
| 21:24 | Create | Genoese Crossbowman |
| 21:31 | Create | Battering Ram |
| 21:39 | Build | House |
| 21:45 | Build | House |
| 21:46 | Build | House |
| 21:46 | Build | House |
| 21:47 | Build | House |
| 21:55 | Build | House |
| 21:56 | Build | House |
| 22:12 | Create | Villager (Male) |
| 22:12 | Create | Villager (Male) |
| 22:13 | Create | Villager (Male) |
| 22:19 | Create | Battering Ram |
| 22:20 | Create | Battering Ram |
| 22:22 | Create | Genoese Crossbowman |
| 22:22 | Create | Genoese Crossbowman |
| 22:25 | Create | Genoese Crossbowman |
| 22:25 | Create | Genoese Crossbowman |
| 22:30 | Create | Villager (Male) |
| 22:50 | Create | Battering Ram |
| 23:00 | Create | Genoese Crossbowman |
| 23:00 | Create | Genoese Crossbowman |
| 23:00 | Create | Genoese Crossbowman |
| 23:26 | Create | Villager (Male) |
| 23:26 | Create | Villager (Male) |
| 23:28 | Create | Genoese Crossbowman |
| 23:28 | Create | Genoese Crossbowman |
| 23:42 | Create | Villager (Male) |
| 23:43 | Create | Villager (Male) |
| 23:45 | Build | House |
| 23:46 | Build | House |
| 23:47 | Build | House |
| 23:53 | Build | Town Center |
Build order — DS_TheHeartless
First 150 of 457 actions detected
| 0:01 | Create | Villager (Male) |
| 0:03 | Build | House |
| 0:04 | Build | House |
| 0:09 | Create | Villager (Male) |
| 0:16 | Create | Villager (Male) |
| 0:24 | Create | Villager (Male) |
| 0:32 | Build | House |
| 1:16 | Build | Palisade Gate |
| 1:24 | Build | Palisade Wall |
| 1:31 | Create | Villager (Male) |
| 1:36 | Build | Palisade Wall |
| 1:40 | Build | Palisade Wall |
| 1:46 | Build | Palisade Wall |
| 2:04 | Create | Villager (Male) |
| 2:29 | Create | Villager (Male) |
| 2:51 | Create | Villager (Male) |
| 3:05 | Build | Lumber Camp |
| 3:20 | Create | Villager (Male) |
| 3:39 | Create | Villager (Male) |
| 4:09 | Create | Villager (Male) |
| 4:28 | Create | Villager (Male) |
| 4:41 | Create | Villager (Male) |
| 5:05 | Create | Villager (Male) |
| 5:17 | Build | House |
| 5:20 | Build | House |
| 5:32 | Create | Villager (Male) |
| 5:49 | Create | Villager (Male) |
| 6:15 | Build | Mill |
| 6:30 | Create | Villager (Male) |
| 7:05 | Create | Villager (Male) |
| 7:34 | Create | Villager (Male) |
| 7:46 | Create | Villager (Male) |
| 7:50 | Build | Farm |
| 7:53 | Build | Farm |
| 7:57 | Build | Farm |
| 8:00 | Create | Villager (Male) |
| 8:18 | Build | Farm |
| 8:20 | Create | Villager (Male) |
| 9:04 | Research | Feudal Age |
| 9:20 | Build | Mining Camp |
| 11:13 | Create | Villager (Male) |
| 11:24 | Age | Feudal Age |
| 11:32 | Build | Market |
| 11:34 | Build | Blacksmith |
| 11:53 | Create | Villager (Male) |
| 12:13 | Research | Double-Bit Axe |
| 12:21 | Research | Castle Age |
| 12:21 | Research | Castle Age |
| 12:31 | Create | Villager (Male) |
| 12:45 | Build | House |
| 13:01 | Research | Horse Collar |
| 13:02 | Research | Horse Collar |
| 13:07 | Build | Farm |
| 13:10 | Build | Farm |
| 13:12 | Build | Farm |
| 13:14 | Build | Farm |
| 13:21 | Create | Villager (Male) |
| 13:31 | Build | Farm |
| 14:06 | Create | Villager (Male) |
| 15:01 | Age | Castle Age |
| 15:04 | Build | Town Center |
| 15:07 | Create | Villager (Male) |
| 15:09 | Build | Town Center |
| 15:46 | Create | Villager (Male) |
| 16:06 | Create | Villager (Male) |
| 16:26 | Create | Villager (Male) |
| 16:29 | Build | Town Center |
| 16:31 | Create | Villager (Male) |
| 16:32 | Create | Villager (Male) |
| 16:35 | Research | Bow Saw |
| 16:40 | Create | Villager (Male) |
| 16:51 | Create | Villager (Male) |
| 16:55 | Create | Villager (Male) |
| 17:01 | Create | Villager (Male) |
| 17:07 | Build | Farm |
| 17:09 | Build | Farm |
| 17:10 | Create | Villager (Male) |
| 17:12 | Build | Farm |
| 17:13 | Create | Villager (Male) |
| 17:19 | Create | Villager (Male) |
| 17:23 | Create | Villager (Male) |
| 17:37 | Create | Villager (Male) |
| 17:43 | Build | Farm |
| 17:45 | Build | Farm |
| 17:47 | Build | Farm |
| 17:49 | Build | Farm |
| 17:51 | Build | House |
| 17:58 | Research | Wheelbarrow |
| 17:58 | Research | Wheelbarrow |
| 17:59 | Create | Villager (Male) |
| 18:00 | Create | Villager (Male) |
| 18:10 | Build | Farm |
| 18:11 | Build | Farm |
| 18:14 | Build | Farm |
| 18:16 | Build | Farm |
| 18:24 | Build | Farm |
| 18:25 | Create | Villager (Male) |
| 18:26 | Build | Farm |
| 18:33 | Build | House |
| 18:34 | Build | House |
| 18:35 | Create | Villager (Male) |
| 18:37 | Create | Villager (Male) |
| 18:37 | Create | Villager (Male) |
| 18:39 | Build | Farm |
| 18:46 | Build | Farm |
| 18:56 | Create | Villager (Male) |
| 18:58 | Build | Farm |
| 19:00 | Build | Farm |
| 19:09 | Research | Heavy Plow |
| 19:09 | Research | Heavy Plow |
| 19:17 | Build | Farm |
| 19:27 | Build | Farm |
| 19:34 | Create | Villager (Male) |
| 19:34 | Create | Villager (Male) |
| 19:40 | Create | Villager (Male) |
| 19:40 | Create | Villager (Male) |
| 19:42 | Create | Villager (Male) |
| 19:42 | Create | Villager (Male) |
| 19:46 | Create | Villager (Male) |
| 19:47 | Build | Farm |
| 19:49 | Build | Farm |
| 19:50 | Build | Farm |
| 19:51 | Build | Farm |
| 19:52 | Create | Villager (Male) |
| 19:52 | Create | Villager (Male) |
| 19:57 | Build | House |
| 19:59 | Build | House |
| 20:00 | Build | House |
| 20:00 | Create | Villager (Male) |
| 20:05 | Create | Villager (Male) |
| 20:11 | Build | Lumber Camp |
| 20:14 | Create | Villager (Male) |
| 20:18 | Create | Villager (Male) |
| 20:21 | Create | Villager (Male) |
| 20:21 | Create | Villager (Male) |
| 20:25 | Build | Farm |
| 20:26 | Create | Villager (Male) |
| 20:26 | Build | Farm |
| 20:27 | Create | Villager (Male) |
| 20:42 | Build | Farm |
| 20:42 | Build | Farm |
| 20:43 | Create | Villager (Male) |
| 20:47 | Build | Farm |
| 20:47 | Create | Villager (Male) |
| 20:49 | Build | Farm |
| 20:53 | Create | Villager (Male) |
| 20:57 | Build | Farm |
| 20:58 | Create | Villager (Male) |
| 21:03 | Build | House |
| 21:10 | Create | Villager (Male) |
Build order — The.Gocho
First 150 of 374 actions detected
| 0:01 | Create | Villager (Male) |
| 0:02 | Build | House |
| 0:03 | Build | House |
| 0:10 | Create | Villager (Male) |
| 0:16 | Create | Villager (Male) |
| 0:16 | Create | Villager (Male) |
| 1:24 | Create | Villager (Male) |
| 1:25 | Create | Villager (Male) |
| 1:54 | Create | Villager (Male) |
| 2:20 | Create | Villager (Male) |
| 2:20 | Create | Villager (Male) |
| 2:35 | Build | Lumber Camp |
| 2:42 | Create | Villager (Male) |
| 2:53 | Create | Villager (Male) |
| 2:53 | Create | Villager (Male) |
| 3:10 | Build | House |
| 3:14 | Create | Villager (Male) |
| 3:20 | Build | House |
| 3:23 | Create | Villager (Male) |
| 4:29 | Create | Villager (Male) |
| 4:39 | Create | Villager (Male) |
| 4:53 | Build | Mill |
| 5:02 | Create | Villager (Male) |
| 5:37 | Create | Villager (Male) |
| 6:14 | Create | Villager (Male) |
| 6:43 | Build | House |
| 6:53 | Research | Feudal Age |
| 7:48 | Build | House |
| 8:46 | Create | Villager (Male) |
| 9:03 | Age | Feudal Age |
| 9:13 | Build | Town Center |
| 9:30 | Create | Villager (Male) |
| 9:32 | Build | Farm |
| 9:37 | Research | Double-Bit Axe |
| 9:45 | Create | Villager (Male) |
| 9:54 | Build | Farm |
| 9:58 | Build | Farm |
| 10:00 | Create | Villager (Male) |
| 10:02 | Build | Farm |
| 10:23 | Create | Villager (Male) |
| 10:34 | Create | Villager (Male) |
| 10:38 | Build | Farm |
| 10:48 | Create | Villager (Male) |
| 10:57 | Create | Villager (Male) |
| 11:09 | Build | Farm |
| 11:10 | Create | Villager (Male) |
| 11:27 | Create | Villager (Male) |
| 11:29 | Build | Farm |
| 11:33 | Create | Villager (Male) |
| 11:40 | Create | Villager (Male) |
| 11:46 | Create | Villager (Male) |
| 11:51 | Create | Villager (Male) |
| 12:06 | Build | Farm |
| 12:14 | Build | Farm |
| 12:14 | Create | Villager (Male) |
| 12:28 | Build | House |
| 12:30 | Build | House |
| 12:39 | Build | Farm |
| 12:40 | Create | Villager (Male) |
| 12:45 | Create | Villager (Male) |
| 12:50 | Create | Villager (Male) |
| 13:01 | Research | Wheelbarrow |
| 13:04 | Build | House |
| 13:05 | Build | House |
| 13:05 | Build | House |
| 13:10 | Create | Villager (Male) |
| 13:16 | Create | Villager (Male) |
| 13:22 | Create | Villager (Male) |
| 13:24 | Create | Villager (Male) |
| 13:36 | Build | Farm |
| 13:40 | Build | House |
| 13:41 | Build | House |
| 13:52 | Create | Villager (Male) |
| 13:56 | Create | Villager (Male) |
| 14:01 | Create | Villager (Male) |
| 14:06 | Create | Villager (Male) |
| 14:08 | Create | Villager (Male) |
| 14:16 | Create | Villager (Male) |
| 14:18 | Build | Farm |
| 14:22 | Build | Farm |
| 14:27 | Build | Barracks |
| 14:29 | Create | Villager (Male) |
| 14:40 | Create | Villager (Male) |
| 14:45 | Create | Villager (Male) |
| 14:48 | Create | Villager (Male) |
| 14:54 | Create | Villager (Male) |
| 14:57 | Create | Villager (Male) |
| 15:05 | Create | Villager (Male) |
| 15:12 | Build | Farm |
| 15:15 | Build | Farm |
| 15:22 | Build | Blacksmith |
| 15:23 | Create | Villager (Male) |
| 15:31 | Create | Villager (Male) |
| 15:45 | Create | Villager (Male) |
| 15:51 | Create | Villager (Male) |
| 15:55 | Create | Villager (Male) |
| 15:58 | Create | Villager (Male) |
| 16:02 | Create | Villager (Male) |
| 16:11 | Build | Market |
| 16:13 | Build | House |
| 16:14 | Build | House |
| 16:32 | Build | Farm |
| 16:50 | Build | Stable |
| 17:04 | Research | Loom |
| 17:11 | Build | Stable |
| 17:16 | Build | Farm |
| 17:17 | Research | Castle Age |
| 17:18 | Create | Villager (Male) |
| 17:46 | Build | Mining Camp |
| 17:51 | Build | Farm |
| 17:55 | Research | Forging |
| 17:56 | Research | Scale Barding Armor |
| 17:58 | Research | Bloodlines |
| 17:58 | Research | Bloodlines |
| 18:02 | Build | Stable |
| 18:18 | Research | Gold Mining |
| 18:18 | Research | Gold Mining |
| 18:22 | Build | Farm |
| 18:24 | Build | Farm |
| 18:52 | Build | House |
| 18:54 | Build | House |
| 18:55 | Build | House |
| 18:56 | Build | House |
| 19:01 | Research | Horse Collar |
| 19:04 | Create | Villager (Male) |
| 19:18 | Build | Mining Camp |
| 19:22 | Create | Villager (Male) |
| 19:44 | Create | Scout Cavalry |
| 19:50 | Build | Palisade Gate |
| 19:54 | Build | Palisade Gate |
| 20:00 | Create | Villager (Male) |
| 20:04 | Build | Palisade Wall |
| 20:05 | Build | Palisade Wall |
| 20:05 | Age | Castle Age |
| 20:11 | Create | Villager (Male) |
| 20:13 | Create | Knight |
| 20:24 | Create | Villager (Male) |
| 20:33 | Build | Siege Workshop |
| 20:35 | Create | Knight |
| 20:35 | Create | Knight |
| 20:35 | Create | Knight |
| 20:36 | Create | Villager (Male) |
| 20:43 | Research | Iron Casting |
| 20:47 | Create | Villager (Male) |
| 20:52 | Build | Mining Camp |
| 20:57 | Build | Mill |
| 20:58 | Build | Farm |
| 20:58 | Build | Farm |
| 20:58 | Build | Farm |
| 20:59 | Build | Farm |
Build order — un cachorro feliz
First 150 of 465 actions detected
| 0:01 | Create | Villager (Male) |
| 0:02 | Create | Villager (Male) |
| 0:02 | Build | House |
| 0:03 | Build | House |
| 0:08 | Create | Villager (Male) |
| 0:08 | Create | Villager (Male) |
| 0:11 | Create | Villager (Male) |
| 0:43 | Build | Palisade Gate |
| 0:47 | Build | Palisade Wall |
| 0:51 | Build | Palisade Wall |
| 0:53 | Build | Palisade Wall |
| 0:56 | Build | Palisade Wall |
| 0:57 | Build | Palisade Wall |
| 0:58 | Build | Palisade Wall |
| 0:59 | Build | Palisade Wall |
| 0:59 | Build | Palisade Wall |
| 1:00 | Build | Palisade Wall |
| 1:01 | Build | Palisade Wall |
| 1:01 | Build | Palisade Wall |
| 1:02 | Build | Palisade Wall |
| 1:38 | Create | Villager (Male) |
| 1:38 | Create | Villager (Male) |
| 2:04 | Build | Lumber Camp |
| 2:06 | Create | Villager (Male) |
| 2:22 | Create | Villager (Male) |
| 3:02 | Create | Villager (Male) |
| 3:22 | Build | House |
| 3:23 | Build | House |
| 3:29 | Create | Villager (Male) |
| 3:29 | Create | Villager (Male) |
| 3:59 | Create | Villager (Male) |
| 4:01 | Create | Villager (Male) |
| 4:38 | Create | Villager (Male) |
| 4:43 | Build | Mill |
| 4:48 | Create | Villager (Male) |
| 5:38 | Create | Villager (Male) |
| 6:07 | Create | Villager (Male) |
| 6:43 | Create | Villager (Male) |
| 6:54 | Build | Mining Camp |
| 7:04 | Create | Villager (Male) |
| 7:30 | Create | Villager (Male) |
| 7:36 | Build | Farm |
| 7:38 | Build | Farm |
| 7:43 | Create | Villager (Male) |
| 8:22 | Research | Feudal Age |
| 8:26 | Build | Farm |
| 8:32 | Build | Farm |
| 9:35 | Build | House |
| 10:24 | Create | Villager (Male) |
| 10:24 | Create | Villager (Male) |
| 10:26 | Age | Feudal Age |
| 10:32 | Build | Market |
| 10:40 | Build | Blacksmith |
| 10:43 | Build | Blacksmith |
| 10:51 | Create | Villager (Male) |
| 11:38 | Research | Castle Age |
| 11:39 | Research | Castle Age |
| 12:45 | Research | Double-Bit Axe |
| 12:46 | Research | Horse Collar |
| 13:22 | Research | Wheelbarrow |
| 13:36 | Build | Farm |
| 14:04 | Age | Castle Age |
| 14:06 | Create | Villager (Male) |
| 14:08 | Build | Town Center |
| 14:21 | Build | Town Center |
| 14:30 | Build | Town Center |
| 14:31 | Create | Villager (Male) |
| 14:57 | Build | House |
| 14:58 | Research | Bow Saw |
| 14:59 | Create | Villager (Male) |
| 15:28 | Create | Villager (Male) |
| 15:32 | Build | House |
| 15:35 | Build | Farm |
| 15:50 | Create | Villager (Male) |
| 15:55 | Build | Farm |
| 15:56 | Build | Farm |
| 15:58 | Build | Farm |
| 16:02 | Create | Villager (Male) |
| 16:03 | Create | Villager (Male) |
| 16:09 | Create | Villager (Male) |
| 16:11 | Build | Farm |
| 16:13 | Create | Villager (Male) |
| 16:13 | Create | Villager (Male) |
| 16:18 | Build | House |
| 16:20 | Create | Villager (Male) |
| 16:20 | Create | Villager (Male) |
| 16:21 | Create | Villager (Male) |
| 16:34 | Create | Villager (Male) |
| 16:39 | Build | Farm |
| 16:42 | Build | Farm |
| 16:44 | Build | Farm |
| 16:47 | Build | Farm |
| 16:49 | Build | Farm |
| 16:50 | Create | Villager (Male) |
| 16:52 | Build | Farm |
| 16:57 | Build | House |
| 17:02 | Create | Villager (Male) |
| 17:02 | Create | Villager (Male) |
| 17:21 | Create | Villager (Male) |
| 17:24 | Build | Farm |
| 17:25 | Build | Farm |
| 17:30 | Build | Farm |
| 17:34 | Create | Villager (Male) |
| 17:34 | Create | Villager (Male) |
| 17:34 | Create | Villager (Male) |
| 17:35 | Build | Farm |
| 17:41 | Create | Villager (Male) |
| 17:41 | Create | Villager (Male) |
| 17:45 | Build | Farm |
| 17:48 | Create | Villager (Male) |
| 17:53 | Create | Villager (Male) |
| 17:54 | Create | Villager (Male) |
| 17:54 | Create | Villager (Male) |
| 17:58 | Build | House |
| 17:58 | Build | House |
| 18:11 | Create | Villager (Male) |
| 18:13 | Create | Villager (Male) |
| 18:13 | Create | Villager (Male) |
| 18:15 | Build | Farm |
| 18:16 | Create | Villager (Male) |
| 18:19 | Build | Farm |
| 18:20 | Create | Villager (Male) |
| 18:23 | Build | Farm |
| 18:26 | Build | Farm |
| 18:27 | Create | Villager (Male) |
| 18:32 | Create | Villager (Male) |
| 18:33 | Create | Villager (Male) |
| 18:38 | Build | Farm |
| 18:39 | Create | Villager (Male) |
| 18:39 | Create | Villager (Male) |
| 18:44 | Create | Villager (Male) |
| 18:45 | Create | Villager (Male) |
| 18:52 | Create | Villager (Male) |
| 18:53 | Create | Villager (Male) |
| 18:55 | Build | Farm |
| 19:00 | Build | Farm |
| 19:02 | Build | Farm |
| 19:02 | Create | Villager (Male) |
| 19:07 | Build | House |
| 19:10 | Create | Villager (Male) |
| 19:10 | Create | Villager (Male) |
| 19:11 | Create | Villager (Male) |
| 19:19 | Create | Villager (Male) |
| 19:20 | Create | Villager (Male) |
| 19:27 | Create | Villager (Male) |
| 19:27 | Create | Villager (Male) |
| 19:28 | Create | Villager (Male) |
| 19:31 | Create | Villager (Male) |
| 19:40 | Build | House |
| 19:41 | Build | House |
Build order — DS_Erick307
First 150 of 241 actions detected
| 0:02 | Create | Villager (Male) |
| 0:02 | Create | Villager (Male) |
| 0:02 | Create | Villager (Male) |
| 0:03 | Create | Villager (Male) |
| 0:04 | Build | House |
| 0:06 | Build | House |
| 1:09 | Create | Villager (Male) |
| 1:09 | Create | Villager (Male) |
| 1:32 | Create | Villager (Male) |
| 1:33 | Create | Villager (Male) |
| 2:11 | Create | Villager (Male) |
| 2:28 | Create | Villager (Male) |
| 2:37 | Build | Lumber Camp |
| 2:45 | Build | Lumber Camp |
| 3:22 | Create | Villager (Male) |
| 3:23 | Create | Villager (Male) |
| 3:25 | Create | Villager (Male) |
| 3:25 | Create | Villager (Male) |
| 3:54 | Create | Villager (Male) |
| 4:11 | Build | House |
| 4:18 | Create | Villager (Male) |
| 5:14 | Build | Mill |
| 5:30 | Create | Villager (Male) |
| 6:10 | Build | House |
| 6:14 | Create | Villager (Male) |
| 6:33 | Create | Villager (Male) |
| 6:44 | Create | Villager (Male) |
| 6:52 | Build | Mining Camp |
| 7:26 | Research | Feudal Age |
| 8:11 | Build | Farm |
| 8:45 | Create | Villager (Male) |
| 8:45 | Create | Villager (Male) |
| 9:42 | Age | Feudal Age |
| 9:49 | Build | Market |
| 10:00 | Build | Blacksmith |
| 10:30 | Create | Villager (Male) |
| 11:29 | Research | Castle Age |
| 11:45 | Build | House |
| 12:03 | Research | Double-Bit Axe |
| 12:42 | Research | Horse Collar |
| 12:44 | Build | Farm |
| 12:46 | Build | Farm |
| 13:56 | Create | Villager (Male) |
| 13:56 | Create | Villager (Male) |
| 14:09 | Age | Castle Age |
| 14:15 | Build | Town Center |
| 14:27 | Research | Bow Saw |
| 14:37 | Create | Villager (Male) |
| 14:39 | Build | Farm |
| 15:03 | Build | Farm |
| 15:09 | Build | Farm |
| 15:11 | Build | Farm |
| 15:12 | Build | Farm |
| 15:16 | Build | Farm |
| 15:21 | Create | Villager (Male) |
| 15:23 | Create | Villager (Male) |
| 15:26 | Create | Villager (Male) |
| 15:26 | Create | Villager (Male) |
| 15:27 | Create | Villager (Male) |
| 15:31 | Build | Farm |
| 15:43 | Build | Stone Wall |
| 15:47 | Build | House |
| 15:48 | Build | House |
| 15:56 | Create | Villager (Male) |
| 16:01 | Create | Villager (Male) |
| 16:12 | Build | Siege Workshop |
| 16:14 | Create | Villager (Male) |
| 16:14 | Create | Villager (Male) |
| 16:22 | Research | Loom |
| 16:30 | Build | House |
| 16:32 | Build | House |
| 16:48 | Build | Gate |
| 16:52 | Build | Stone Wall |
| 16:56 | Create | Mangonel |
| 16:58 | Create | Villager (Male) |
| 16:58 | Create | Villager (Male) |
| 16:59 | Create | Villager (Male) |
| 17:00 | Create | Villager (Male) |
| 17:08 | Create | Villager (Male) |
| 17:17 | Create | Villager (Male) |
| 17:23 | Create | Villager (Male) |
| 17:26 | Build | Farm |
| 17:28 | Build | Farm |
| 17:36 | Create | Villager (Male) |
| 17:48 | Build | House |
| 17:55 | Create | Villager (Male) |
| 18:00 | Build | Farm |
| 18:02 | Build | Farm |
| 18:06 | Build | Mining Camp |
| 18:08 | Create | Villager (Male) |
| 18:08 | Create | Villager (Male) |
| 18:13 | Build | Farm |
| 18:14 | Build | Farm |
| 18:15 | Create | Villager (Male) |
| 18:22 | Build | House |
| 18:24 | Build | House |
| 18:24 | Create | Villager (Male) |
| 18:28 | Build | Farm |
| 18:29 | Build | Farm |
| 19:06 | Build | Monastery |
| 19:11 | Build | Farm |
| 19:12 | Create | Armored Elephant |
| 19:18 | Build | Farm |
| 19:20 | Create | Villager (Male) |
| 19:21 | Create | Villager (Male) |
| 19:35 | Create | Mangonel |
| 19:39 | Build | House |
| 19:41 | Build | House |
| 19:43 | Create | Villager (Male) |
| 19:51 | Create | Monk |
| 19:54 | Research | Stone Mining |
| 19:55 | Create | Villager (Male) |
| 19:58 | Research | Gold Mining |
| 20:00 | Create | Villager (Male) |
| 20:15 | Create | Villager (Male) |
| 20:35 | Create | Villager (Male) |
| 20:40 | Build | House |
| 20:41 | Build | House |
| 20:46 | Create | Monk |
| 20:49 | Create | Villager (Male) |
| 20:49 | Create | Villager (Male) |
| 20:50 | Create | Villager (Male) |
| 20:52 | Create | Villager (Male) |
| 21:04 | Create | Monk |
| 21:14 | Create | Mangonel |
| 21:17 | Create | Villager (Male) |
| 21:24 | Build | House |
| 21:25 | Build | House |
| 21:30 | Research | Wheelbarrow |
| 21:45 | Create | Villager (Male) |
| 21:51 | Build | Mill |
| 21:52 | Build | Farm |
| 21:53 | Build | Farm |
| 21:53 | Build | Farm |
| 21:53 | Build | Farm |
| 21:53 | Build | Farm |
| 21:55 | Create | Villager (Male) |
| 22:01 | Create | Villager (Male) |
| 22:11 | Build | House |
| 22:20 | Create | Villager (Male) |
| 22:22 | Create | Villager (Male) |
| 22:28 | Create | Villager (Male) |
| 22:30 | Build | Farm |
| 22:31 | Build | Farm |
| 22:32 | Build | Farm |
| 22:41 | Build | Farm |
| 22:42 | Create | Villager (Male) |
| 22:52 | Build | Farm |
| 22:59 | Create | Villager (Male) |
| 23:12 | Build | Farm |
Match timeline
| 0:47 | un cachorro feliz · wall_segment Palisade Wall x1 |
| 0:51 | un cachorro feliz · wall_segment Palisade Wall x1 |
| 0:53 | un cachorro feliz · wall_segment Palisade Wall x1 |
| 0:56 | un cachorro feliz · wall_segment Palisade Wall x1 |
| 0:57 | un cachorro feliz · wall_segment Palisade Wall x1 |
| 0:58 | un cachorro feliz · wall_segment Palisade Wall x1 |
| 0:59 | un cachorro feliz · wall_segment Palisade Wall x1 |
| 0:59 | un cachorro feliz · wall_segment Palisade Wall x1 |
| 1:00 | un cachorro feliz · wall_segment Palisade Wall x1 |
| 1:01 | un cachorro feliz · wall_segment Palisade Wall x1 |
| 1:01 | un cachorro feliz · wall_segment Palisade Wall x1 |
| 1:02 | un cachorro feliz · wall_segment Palisade Wall x1 |
| 1:24 | DS_TheHeartless · wall_segment Palisade Wall x3 |
| 1:36 | DS_TheHeartless · wall_segment Palisade Wall x1 |
| 1:40 | DS_TheHeartless · wall_segment Palisade Wall x1 |
| 1:46 | DS_TheHeartless · wall_segment Palisade Wall x1 |
| 2:36 | DS_Regg · wall_segment Palisade Wall x1 |
| 2:37 | DS_Regg · wall_segment Palisade Wall x1 |
| 3:12 | DS_Regg · wall_segment Palisade Wall x1 |
| 3:14 | DS_Regg · wall_segment Palisade Wall x1 |
| 3:18 | DS_Regg · wall_segment Palisade Wall x1 |
| 3:21 | DS_Regg · wall_segment Palisade Wall x1 |
| 3:26 | DS_Regg · wall_segment Palisade Wall x1 |
| 3:31 | DS_Regg · wall_segment Palisade Wall x1 |
| 3:35 | DS_Regg · wall_segment Palisade Wall x1 |
| 3:40 | DS_Regg · wall_segment Palisade Wall x1 |
| 3:42 | DS_Regg · wall_segment Palisade Wall x1 |
| 3:47 | DS_Regg · wall_segment Palisade Wall x1 |
| 3:51 | DS_Regg · wall_segment Palisade Wall x1 |
| 3:54 | DS_Regg · wall_segment Palisade Wall x1 |
| 3:58 | DS_Regg · wall_segment Palisade Wall x1 |
| 7:01 | yesila · first_building Donjon |
| 8:27 | DS_Regg · wall_segment Palisade Wall x1 |
| 8:34 | DS_Regg · wall_segment Palisade Wall x3 |
| 8:41 | DS_Regg · wall_segment Palisade Wall x1 |
| 8:48 | yesila · age_up feudal |
| 8:52 | DS_Regg · wall_segment Palisade Wall x1 |
| 8:57 | DS_Regg · wall_segment Palisade Wall x3 |
| 8:59 | DS_Regg · wall_segment Palisade Wall x3 |
| 9:00 | DS_Regg · wall_segment Palisade Wall x1 |
| 9:03 | The.Gocho · age_up feudal |
| 9:06 | DS_Regg · wall_segment Palisade Wall x1 |
| 9:13 | DS_Regg · wall_segment Palisade Wall x3 |
| 9:16 | DS_Regg · wall_segment Palisade Wall x2 |
| 9:23 | DS_Regg · wall_segment Palisade Wall x1 |
| 9:25 | DS_Regg · wall_segment Palisade Wall x1 |
| 9:26 | DS_Regg · wall_segment Palisade Wall x1 |
| 9:42 | DS_Erick307 · age_up feudal |
| 10:26 | un cachorro feliz · age_up feudal |
| 10:31 | NYU · age_up feudal |
| 10:39 | DS_Regg · age_up feudal |
| 10:57 | DS_Erick307 · first_market_buy 100 food |
| 11:00 | Cris_1z · age_up feudal |
| 11:00 | DS_Erick307 · first_market_sell 100 wood |
| 11:07 | DS_Regg · wall_segment Palisade Wall x2 |
| 11:16 | DS_Regg · wall_segment Palisade Wall x8 |
| 11:24 | DS_TheHeartless · age_up feudal |
| 11:27 | DS_Regg · wall_segment Palisade Wall x1 |
| 11:29 | DS_Regg · wall_segment Palisade Wall x2 |
| 11:31 | DS_Regg · wall_segment Palisade Wall x1 |
| 11:35 | DS_Regg · wall_segment Palisade Wall x3 |
| 11:54 | yesila · wall_segment Palisade Wall x1 |
| 12:35 | DS_Regg · wall_segment Stone Wall x1 |
| 12:37 | DS_Regg · wall_segment Palisade Wall x1 |
| 12:58 | DS_Regg · wall_segment Stone Wall x1 |
| 13:05 | DS_Regg · first_market_sell 100 stone |
| 13:40 | DS_Regg · wall_segment Stone Wall x1 |
| 13:41 | Cris_1z · age_up castle |
| 14:01 | NYU · age_up castle |
| 14:04 | un cachorro feliz · age_up castle |
| 14:09 | DS_Erick307 · age_up castle |
| 14:15 | NYU · first_building Castle |
| 14:16 | DS_Regg · wall_segment Stone Wall x1 |
| 14:19 | DS_Regg · wall_segment Stone Wall x4 |
| 14:27 | The.Gocho · first_building Barracks |
| 14:43 | DS_Regg · wall_segment Stone Wall x1 |
| 14:48 | DS_Regg · wall_segment Stone Wall x1 |
| 15:01 | DS_TheHeartless · age_up castle |
| 15:02 | Cris_1z · first_building Monastery |
| 15:43 | DS_Erick307 · wall_segment Stone Wall x1 |
| 15:46 | DS_Regg · age_up castle |
| 15:49 | DS_Regg · first_building Siege Workshop |
| 16:12 | DS_Erick307 · first_building Siege Workshop |
| 16:17 | DS_Regg · first_market_buy 100 wood |
| 16:20 | un cachorro feliz · first_market_buy 100 food |
| 16:25 | DS_TheHeartless · first_market_buy 100 stone |
| 16:50 | The.Gocho · first_building Stable |
| 16:52 | DS_Erick307 · wall_segment Stone Wall x1 |
| 18:11 | NYU · first_building Siege Workshop |
| 18:22 | NYU · first_market_buy 100 food |
| 18:48 | Cris_1z · first_building Stable |
| 19:06 | DS_Erick307 · first_building Monastery |
| 19:29 | The.Gocho · first_market_buy 100 wood |
| 20:04 | The.Gocho · wall_segment Palisade Wall x1 |
| 20:05 | The.Gocho · wall_segment Palisade Wall x1 |
| 20:05 | The.Gocho · age_up castle |
| 20:33 | The.Gocho · first_building Siege Workshop |
| 21:05 | DS_Regg · first_building Monastery |
| 21:38 | DS_Regg · wall_segment Palisade Wall x1 |
| 22:00 | The.Gocho · first_market_sell 100 stone |
| 22:19 | DS_TheHeartless · first_building Monastery |
| 22:25 | DS_Regg · wall_segment Stone Wall x1 |
| 22:26 | DS_Regg · wall_segment Stone Wall x1 |
| 22:29 | DS_Regg · wall_segment Stone Wall x2 |
| 22:29 | DS_Regg · wall_segment Stone Wall x1 |
| 23:15 | un cachorro feliz · first_building Monastery |
| 23:25 | DS_Erick307 · first_building Castle |
| 23:51 | DS_TheHeartless · first_building Barracks |
| 23:52 | un cachorro feliz · first_market_sell 100 wood |
| 24:20 | un cachorro feliz · first_building Barracks |
| 24:28 | Cris_1z · first_building Siege Workshop |
| 24:47 | DS_Erick307 · first_building Barracks |
| 24:58 | Cris_1z · first_market_sell 100 food |
| 25:07 | un cachorro feliz · first_building Stable |
| 25:16 | DS_TheHeartless · first_building Stable |
| 25:55 | Cris_1z · first_market_buy 100 stone |
| 26:08 | DS_Erick307 · first_building Archery Range |
| 26:53 | yesila · first_building Barracks |
| 26:55 | un cachorro feliz · age_up imperial |
| 26:56 | DS_TheHeartless · first_building Castle |
| 27:08 | yesila · age_up castle |
| 27:50 | DS_Erick307 · age_up imperial |
| 28:16 | DS_TheHeartless · age_up imperial |
| 28:20 | Cris_1z · first_building Castle |
| 28:35 | un cachorro feliz · first_building Castle |
| 28:40 | Cris_1z · age_up imperial |
| 29:09 | yesila · first_market_buy 100 food |
| 29:15 | DS_TheHeartless · first_building Archery Range |
| 30:09 | yesila · wall_segment Stone Wall x1 |
| 30:47 | NYU · first_market_sell 100 wood |
| 31:12 | yesila · wall_segment Stone Wall x4 |
| 31:12 | DS_TheHeartless · first_market_sell 100 wood |
| 31:13 | yesila · wall_segment Stone Wall x3 |
| 31:42 | The.Gocho · first_building Monastery |
| 33:01 | DS_Regg · wall_segment Stone Wall x2 |
| 34:18 | NYU · age_up imperial |
| 34:20 | DS_Regg · wall_segment Stone Wall x1 |
| 35:14 | The.Gocho · wall_segment Palisade Wall x23 |
| 35:16 | The.Gocho · wall_segment Palisade Wall x15 |
| 35:28 | DS_Regg · wall_segment Palisade Wall x1 |
| 35:45 | DS_Regg · wall_segment Palisade Wall x1 |
| 35:47 | DS_Regg · wall_segment Palisade Wall x3 |
| 36:25 | The.Gocho · age_up imperial |
| 36:33 | yesila · first_building Monastery |
| 36:39 | yesila · first_building Siege Workshop |
| 36:41 | un cachorro feliz · tribute_sent a jugador 1 |
| 36:41 | un cachorro feliz · tribute_sent a jugador 2 |
| 36:41 | un cachorro feliz · tribute_sent a jugador 3 |
| 36:41 | un cachorro feliz · tribute_sent a jugador 4 |
| 36:41 | un cachorro feliz · tribute_sent a jugador 5 |
| 36:41 | un cachorro feliz · tribute_sent a jugador 6 |
| 36:41 | un cachorro feliz · tribute_sent a jugador 8 |
| 36:51 | DS_Erick307 · resign |
[ AI ANALYSIS · 1 CREDIT ]
What really happened in this match?
Wolo.gg analyzes every decision: build order, eco, micro, common mistakes by bracket. Personalized analysis on WhatsApp or Discord in 30 seconds.
Civ guide
Khmer
Perfil
Cris_1z